 Dungeon Crawl Stone Soup version 0.30.0-10-gfe55d96785 (webtiles) character file.

Game seed: 2802110379657608065

3469 snarfax the Cleaver (level 10, -3/70 HPs)
             Began as a Human Fighter on May 15, 2023.
             Engulfed by a steam dragon's steam (6 damage)
             ... on level 8 of the Dungeon.
             The game lasted 00:20:31 (6729 turns).

snarfax the Cleaver (Human Fighter)                 Turns: 6729, Time: 00:20:32

Health: -3/70      AC: 12    Str: 22    XL:     10   Next: 27%
Magic:  10/10      EV:  9    Int:  8    God:
Gold:   420        SH: 10    Dex: 12    Spells: 9/9 levels left

rFire   . . .        a - +1 war axe (venom)
rCold   . . .        c - +0 buckler
rNeg    . . .        b - +0 scale mail
rPois   .            (no helmet)
rElec   .            o - +1 cloak
rCorr   +            A - +2 pair of gloves {hurl}
SInv    .            (no boots)
Will    .....        f - amulet of reflection Stlth
                     i - ring of resist corrosion
HPRegen 0.31/turn    (no ring)
MPRegen 0.12/turn

%: reflection
@: no status effects
A: no striking features
a: no special abilities


You were on level 8 of the Dungeon.
You visited 1 branch of the dungeon, and saw 8 of its levels.
You also visited: Sewer and Bailey.

You collected 420 gold pieces.

Inventory:

Hand Weapons
 a - a +1 war axe of venom (weapon)
 x - a +2 whip of flaming
 F - a +0 hand axe of flaming
Missiles
 g - 34 poisoned darts (quivered)
 z - 6 silver javelins
 H - a throwing net
Armour
 b - a +0 scale mail (worn)
 c - a +0 buckler (worn)
 o - a +1 cloak (worn)
 A - a +2 pair of gloves of hurling (worn)
Jewellery
 f - an amulet of reflection (around neck)
 i - a ring of resist corrosion (left hand)
 n - a ring of fire
Wands
 w - a wand of flame (22)
 y - a wand of digging (4)
 C - a wand of quicksilver (5)
 D - a wand of paralysis (6)
Scrolls
 h - 4 scrolls of teleportation
 m - 2 scrolls of enchant weapon
 p - a scroll of brand weapon
 B - 4 scrolls of identify
Potions
 d - 3 potions of might
 e - 3 potions of brilliance {unknown}
 j - 3 potions of attraction
 k - 2 potions of lignification
 l - 9 potions of curing
 q - 4 potions of heal wounds
 r - a potion of berserk rage
 s - 3 potions of flight
 t - 2 potions of invisibility
 u - 3 potions of mutation
 v - a potion of haste
 E - 3 potions of resistance


   Skills:
 - Level 3.0 Fighting
 * Level 13.4 Axes
 - Level 3.0 Armour
 - Level 5.0 Shields


You had 9 spell levels left.
You didn't know any spells.
Your spell library contained the following spells:

 Spells                   Type           Power      Damage    Failure   Level
 Apportation              Tloc           0%         N/A       80%         1
 Magic Dart               Conj           0%         1d3       80%         1
 Necrotise                Necr           0%         1d4       80%         1
 Sandblast                Erth           0%         2d4       80%         1
 Slow                     Hex            0%         N/A       80%         1
 Summon Small Mammal      Summ           0%         N/A       80%         1
 Call Imp                 Summ           0%         N/A       91%         2
 Passwall                 Tmut/Erth      0%         N/A       91%         2
 Confusing Touch          Hex            0%         N/A       99%         3
 Frozen Ramparts          Ice            0%         1d1       99%         3
 Mephitic Cloud           Conj/Pois/Air  0%         N/A       99%         3
 Stone Arrow              Conj/Erth      0%         3d7       99%         3
 Tukima's Dance           Hex            0%         N/A       99%         3
 Vampiric Draining        Necr           0%         2d6       99%         3
 Ice Form                 Ice/Tmut       0%         N/A       100%        4
 Passage of Golubria      Tloc           0%         N/A       100%        4
 Summon Ice Beast         Ice/Summ       0%         N/A       100%        4
 Yara's Violent Unravell  Hex/Tmut       0%         3d3       100%        5


Dungeon Overview and Level Annotations

Branches:
Dungeon (8/15)             Temple (0/1) D:5           Sewer (visited)
 Bailey (visited)
   Lair: D:8-11

Altars:
Qazlal
Trog
Vehumet

Annotations:
D:4 3 runed translucent doors, ratkingdom's ghost, weakling FeBe


Message History

The boomerang hits you. You block the steam dragon's attack.
The steam dragon claws you but does no damage.
You closely miss the orc priest.
You hit the steam dragon but do no damage.
The steam dragon looks even sicker.
The orc priest hits you but does no damage.
The orc throws a boomerang.
The boomerang hits you but does no damage.
You block the steam dragon's attack.
The steam dragon claws you but does no damage.
You hit the orc priest but do no damage.
You closely miss the steam dragon. You hit the orc priest.
The orc priest is poisoned.
The orc priest is lightly wounded.
You hit the steam dragon.
The steam dragon looks as sick as possible!
The orc priest hits you but does no damage.
You block the steam dragon's attack. The steam dragon misses you.
You slash the orc priest!
You kill the orc priest!
You barely miss the steam dragon.
The orc throws a boomerang.
The boomerang hits you. The steam dragon breathes steam at you.
The ball of steam hits you!
* * * LOW HITPOINT WARNING * * *
The steam dragon breathes steam at you. The ball of steam hits you!
* * * LOW HITPOINT WARNING * * *
Blink to where?
Press: ? - help, Dir - move target
As you read the scroll of blinking, it crumbles to dust.
There is an escape hatch in the ceiling here.
The steam dragon breathes steam at you.
The ball of steam hits the orc!
The orc dies!
The ball of steam hits you!
* * * LOW HITPOINT WARNING * * *
Unknown command.
You are engulfed in a cloud of scalding steam.
You die...

#...#######.# ##.## #.#
########### ######.# #.#
#.........###......# #.#
#......(......###### #.#
#.........###.# #.#
#.......>.# #.# #.#
#.........# #.####### #.#
#.........# #@§§.)..#######.##
#.........# #.#####D....§§.)..
#........># #.# #......§§§o.#
#.........###.####...######D).
####.####.......))...# ##)#
#.####........)...# .#
..........###...# §#
##.......###...# .# #.
.##.........#....# .#


There were no monsters in sight!

Vanquished Creatures
  Pikel (D:5)
  Grinder (D:6)
  A steam dragon (D:7)
  Duvessa (D:5)
  A sky beast (D:7)
  2 black bears
  2 orc warriors
  2 ice beasts (D:7)
  2 ogres
  3 centaurs
  2 phantoms (D:6)
  A kobold brigand (Sewer)
  2 bullfrogs (D:6)
  Blork the orc (D:5)
  A scorpion (D:4)
  Dowan (D:5)
  5 hounds
  4 orc priests
  A jelly (D:6)
  2 sleepcaps (D:6)
  6 iguanas
  9 orc wizards
  2 hound skeletons (D:3)
  4 gnolls
  6 adders
  2 shadow imps
  A white imp (D:6)
  An ufetubus (D:4)
  An adder zombie (D:3)
  An adder skeleton (D:3)
  3 worms
  2 dart slugs (D:4)
  24 orcs
  12 ball pythons
  9 endoplasms
  8 giant cockroaches
  9 goblins
  7 hobgoblins
  6 quokkas
  A ball python zombie (D:3)
  6 bats
  4 frilled lizards
  A jackal zombie (D:3)
  26 kobolds
  A quokka zombie (D:3)
  10 rats
198 creatures vanquished.

Vanquished Creatures (others)
  An orc wizard (D:8)
  An orc (D:8)
2 creatures vanquished.

Grand Total: 200 creatures vanquished

Notes
Turn   | Place    | Note
-------+----------+-------------------------------------------
     0 | D:1      | snarfax the Human Fighter began the quest for the Orb.
     0 | D:1      | Reached XP level 1. HP: 18/18 MP: 1/1
   181 | D:1      | Reached XP level 2. HP: 24/24 MP: 2/2
   362 | D:1      | Found a faded altar of an unknown god.
   398 | D:1      | Reached XP level 3. HP: 29/29 MP: 3/3
   615 | D:2      | Reached skill level 3 in Axes
   852 | D:2      | Reached XP level 4. HP: 27/35 MP: 4/4
  1343 | D:3      | Reached skill level 4 in Axes
  1343 | D:3      | Reached XP level 5. HP: 29/41 MP: 5/5
  1603 | D:3      | Found a glowing drain.
  1615 | Sewer    | Entered a sewer
  1632 | Sewer    | Noticed a kobold brigand
  1639 | Sewer    | Killed a kobold brigand
  1640 | Sewer    | Reached skill level 5 in Axes
  1640 | Sewer    | Reached XP level 6. HP: 40/47 MP: 6/6
  2203 | D:4      | Found a runed translucent gate.
  2203 | D:4      | Found a runed translucent gate.
  2203 | D:4      | Found a runed translucent gate.
  2420 | D:4      | Reached XP level 7. HP: 30/52 MP: 7/7
  2523 | D:4      | Reached skill level 6 in Axes
  2523 | D:4      | Reached skill level 5 in Shields
  3054 | D:4      | Identified the +5 ring mail of Activism {rElec rCorr}
  3054 | D:4      | Noticed ratkingdom's ghost (weakling FeBe)
  3088 | D:4      | Reached skill level 7 in Axes
  3323 | D:5      | Entered Level 5 of the Dungeon
  3417 | D:5      | Found a bloodstained altar of Trog.
  3469 | D:5      | Noticed Pikel
  3488 | D:5      | Killed Pikel
  3489 | D:5      | Reached skill level 8 in Axes
  3489 | D:5      | Reached XP level 8. HP: 41/58 MP: 8/8
  3867 | D:5      | Reached skill level 9 in Axes
  3933 | D:5      | Found a staircase to the Ecumenical Temple.
  4064 | D:5      | Found a radiant altar of Vehumet.
  4070 | D:5      | Found a stormy altar of Qazlal.
  4084 | D:5      | Noticed Duvessa
  4092 | D:5      | Noticed Dowan
  4100 | D:5      | Killed Dowan
  4116 | D:5      | Killed Duvessa
  4151 | D:5      | Noticed Blork the orc
  4163 | D:5      | Killed Blork the orc
  4164 | D:5      | Reached skill level 10 in Axes
  4164 | D:5      | Reached XP level 9. HP: 57/63 MP: 9/9
  4528 | D:6      | Identified the +9 halberd of the Imbibing Big Fish {spect,
                  | rF+ Dex+4}
  4603 | D:6      | Reached skill level 11 in Axes
  4612 | D:6      | Noticed Grinder
  4626 | D:6      | Paralysed by Grinder for 2 turns
  4641 | D:6      | Killed Grinder
  5398 | D:7      | Reached skill level 12 in Axes
  5458 | D:7      | Reached XP level 10. HP: 44/70 MP: 10/10
  5652 | D:7      | Found a flagged portal.
  5673 | Bailey   | Entered a bailey
  6066 | D:7      | Reached skill level 13 in Axes
  6728 | D:8      | HP: 3/70 [something/ball of steam (10)]
  6729 | D:8      | Engulfed by a steam dragon's steam

Illustrated notes

Levels and vault maps discovered:
D:1:      dpeg_arrival_more_subterranean_lakeside_camping, layout_rooms,
          basic_ecumenical_altar, interstate_on_off
D:2:      layout_loops_ring
D:3:      layout_rooms, cheibrodos_sewer_entry_sluice, serial_undead,
          serial_undead_f, serial_undead_a, serial_undead_b, serial_undead_d,
          minmay_quantized
D:4:      minmay_octagon_keep, layout_cave_pools, gammafunk_ghost_nasty_kobolds,
          amcnicky_mini_rare_corridor_liquid
D:5:      layout_basic, trog_butcher_becter, nicolae_overflow_squiral,
          minmay_temple_entry_grid, uniq_pikel, uniq_blork_the_orc, uniq_duvessa
D:6:      layout_loops_ring, minmay_increasing_density, uniq_grinder
D:7:      layout_loops_ring, enter_bailey_5, minivault_5
D:8:      layout_loops_ring, nicolae_ashenzari_panopticon

Skill      XL: |  1  2  3  4  5  6  7  8  9 10 |
---------------+-------------------------------+-----
Axes           | 3 4 5 8 10 12 13 | 13.4
Shields        | 4 5 |  5.0
Fighting       | |  3.0
Armour         | |  3.0

Action                     |  1- 3 |  4- 6 |  7- 9 | 10-12 || total
---------------------------+-------+-------+-------+-------++-------
  Melee: War axe           |    81 |   160 |   200 |    65 ||   506
  Throw: Dart              |       |       |    29 |       ||    29
         Javelin           |       |       |    10 |       ||    10
  Evoke: Wand              |       |       |     2 |       ||     2
    Use: Scroll            |       |    10 |    10 |     3 ||    23
 Armour: Scale mail        |    43 |    77 |    81 |    35 ||   236
  Dodge: Dodged            |    31 |    76 |    52 |    21 ||   180
  Block: Buckler           |    23 |    36 |    63 |    30 ||   152
         Reflection        |       |       |     2 |     7 ||     9
